 Dungeon Crawl Stone Soup version 0.31.0-10-gcf4a605ca0 (webtiles) character file.

Game seed: 5096944260350378708

29172 Amaterasu the Grappler (level 13, -1/122 HPs)
             Began as a Troll Shapeshifter on Jan 25, 2024.
             Was a High Priest of Makhleb.
             Slain by a seven-headed hydra (3 damage)
             ... on level 5 of the Lair of Beasts.
             The game lasted 00:24:29 (11541 turns).

Amaterasu the Grappler (Troll Shapeshifter)        Turns: 11541, Time: 00:24:31

Health: -1/122     AC:  7    Str: 29    XL:     13   Next: 13%
Magic:  14/14      EV: 10    Int:  6    God:    Makhleb [*****.]
Gold:   1737       SH:  0    Dex:  9    Spells: 12/12 levels left

rFire   + .          .
                       - Unarmed
rCold   . . .        K - +0 tower shield
rNeg    . . .        A - +0 steam dragon scales
rPois   .            (helmet currently unavailable)
rElec   .            (cloak currently unavailable)
rCorr   .            (gloves unavailable)
SInv    +            (boots unavailable)
Will    .....        p - amulet of reflection
Stlth   +            s - ring of protection from fire
HPRegen 1.20/turn    D - ring of see invisible
MPRegen 0.14/turn

%: reflection
@: confused, beast-form, ambrosia-drunk
A: beast (slay +4), large, unfitting armour, claws 3, regeneration 1, shaggy fur
1, tough skin 1, large bone plates 1, sense surroundings 1
a: Begin Untransformation, Renounce Religion, Minor Destruction, Lesser Servant
of Makhleb, Major Destruction, Greater Servant of Makhleb


You were on level 5 of the Lair of Beasts.
You worshipped Makhleb.
Makhleb was extremely pleased with you.
You were a hulking beast.
You visited 3 branches of the dungeon, and saw 17 of its levels.
You also visited: Sewer and Ossuary.

You collected 1737 gold pieces.

Inventory:

Missiles
 I - a throwing net (quivered)
Armour
 A - +0 steam dragon scales (worn)
 K - a +0 tower shield (worn)
 L - a +2 pair of boots
Jewellery
 p - an amulet of reflection (around neck)
 s - a ring of protection from fire (left claw)
 x - a ring of positive energy
 y - a ring of protection from fire
 z - a ring of resist corrosion
 D - a ring of see invisible (right claw)
 G - a ring of protection from fire
 O - a ring of positive energy
Talismans
 c - a beast talisman
 d - a flux talisman
 h - a maw talisman
 o - a dragon-blood talisman
 P - a blade talisman
Wands
 i - a wand of polymorph (4)
 n - a wand of flame (31)
 B - a wand of acid (2)
 C - a wand of charming (3)
 N - a wand of iceblast (6)
 Q - a wand of mindburst (6)
Scrolls
 a - 4 scrolls of identify
 j - 5 scrolls of enchant weapon
 q - 2 scrolls of enchant armour
 r - 8 scrolls of teleportation
 t - 3 scrolls of blinking
 u - a scroll of vulnerability
 v - 3 scrolls of poison
 w - 2 scrolls of fear
 H - 2 scrolls of silence
 J - 2 scrolls of immolation
 M - a scroll of revelation
Potions
 b - 5 potions of lignification
 e - 2 potions of cancellation
 f - 8 potions of curing
 g - a potion of magic
 k - 4 potions of enlightenment
 l - 2 potions of attraction
 m - 3 potions of ambrosia
 E - 2 potions of mutation
 F - 2 potions of berserk rage
 R - 2 potions of heal wounds
 S - a potion of haste


   Skills:
 * Level 6.4 Fighting
 - Level 8.0 Dodging
 * Level 7.9 Shields
 + Level 14.9 Unarmed Combat
 * Level 3.5 Invocations
 * Level 8.0 Shapeshifting


You had 12 spell levels left.
You didn't know any spells.
Your spell library contained the following spells:

 Spells                   Type           Power      Damage    Failure   Level
 Freeze                   Ice            0%         1d3       86%         1
 Necrotise                Necr           0%         1d4       86%         1
 Slow                     Hex            0%         N/A       86%         1
 Sting                    Conj/Alch      0%         1d3       86%         1
 Call Imp                 Summ           0%         N/A       94%         2
 Mercury Vapours          Alch/Air       0%         N/A       94%         2
 Sublimation of Blood     Necr           0%         N/A       94%         2
 Confusing Touch          Hex            0%         N/A       99%         3
 Frozen Ramparts          Ice            0%         1d1       99%         3
 Hailstorm                Conj/Ice       0%         3d5       99%         3
 Mephitic Cloud           Conj/Alch/Air  0%         N/A       99%         3
 Sigil of Binding         Hex            0%         N/A       99%         3
 Vampiric Draining        Necr           0%         2d6       99%         3
 Anguish                  Hex/Necr       0%         N/A       100%        4
 Animate Dead             Necr           0%         N/A       100%        4
 Cause Fear               Hex            0%         N/A       100%        4
 Olgreb's Toxic Radiance  Alch           0%         N/A       100%        4
 Petrify                  Alch/Erth      0%         N/A       100%        4
 Borgnjor's Vile Clutch   Necr/Erth      0%         N/A       100%        5
 Freezing Cloud           Conj/Ice/Air   0%         6-21      100%        5
 Irradiate                Conj/Alch      0%         3d11      100%        5
 Death Channel            Necr           0%         N/A       100%        6
 Enfeeble                 Hex            0%         N/A       100%        7
 Summon Hydra             Summ           0%         N/A       100%        7


Dungeon Overview and Level Annotations

Branches:
Dungeon (11/15)            Temple (1/1) D:5            Lair (5/5) D:9
 Shoals (0/4) Lair:3       Spider (0/4) Lair:2        Slime (0/5) Lair:4
    Orc (0/2) D:10          Sewer (visited)         Ossuary (visited)

Altars:
Ashenzari
Cheibriados
Dithmenos
Elyvilon
Fedhas
Gozag
Hepliaklqana
Kikubaaqudgha
Makhleb
Nemelex Xobeh
Okawaru
Qazlal
Ru
Sif Muna
Trog
Uskayaw
Vehumet
Wu Jian
Xom
Yredelemnul
Zin
The Shining One
Jiyva

Shops:
D:4 !   D:7 ?   D:9 *


Innate Abilities, Weirdness & Mutations

You are a hulking beast.
Your limbs bulge with bestial killing power. (Slay +4)
You are too large for most types of armour.
You have claws for hands.
Your natural rate of healing is unusually fast.
You are covered in fur. (AC +1)
You have tough skin. (AC +1)
You are partially covered in large bone plates. (SH +4)
You passively map a small area around you.


Message History

The puff of flame hits the seven-headed hydra.
The seven-headed hydra is moderately wounded.
You block the seven-headed hydra's attack.
The seven-headed hydra bites you but does no damage.
You block the seven-headed hydra's attack. x3
The seven-headed hydra bites you!
The seven-headed hydra bites you but does no damage.
Your neqoxec hits the seven-headed hydra.
A seven-headed hydra is nearby!
Okay, then.
Unknown command.
Your neqoxec hits the seven-headed hydra.
A demon appears!
The seven-headed hydra bites you but does no damage.
You block the seven-headed hydra's attack.
The seven-headed hydra bites you!
You block the seven-headed hydra's attack.
The seven-headed hydra bites you but does no damage.
You block the seven-headed hydra's attack. x2
Your neqoxec hits the seven-headed hydra.
Aiming: Minor Destruction (1% risk of failure)
Press: ? - help, Shift-Dir - straight line, f/p - seven-headed hydra
Aim: a seven-headed hydra (moderately wounded, ally target)
The zap hits the seven-headed hydra.
The seven-headed hydra is moderately wounded.
Your neqoxec hits the seven-headed hydra!
The seven-headed hydra bites you!
* * * LOW HITPOINT WARNING * * *
You block the seven-headed hydra's attack. x4
The seven-headed hydra bites you!
* * * LOW HITPOINT WARNING * * *
The seven-headed hydra bites you!
* * * LOW HITPOINT WARNING * * *
You are confused.
You feel invigorated.
The seven-headed hydra bites you but does no damage.
The seven-headed hydra bites you!
* * * LOW HITPOINT WARNING * * *
The seven-headed hydra misses you. The seven-headed hydra bites you.
You die...

, , , ,#...⌠.. ..+
, #.......#..#...
.#..⌠.⌠.#...,..##
,*
,..#?....#..##...♣
* ..........#....
, * ,, .
....#...#..P *
#...#.#...#..#* *
* #.....Dh.#..# *
#....33#...# * ,
##.#....#<#....♣ *
*** #
#............♣ *
#.............. *
#............... ,
.................
..#....#..P...#..
, * .#...#...#.#.
.,


You could see a seven-headed hydra (ally target), a friendly neqoxec (summoned)
and a friendly ynoxinul (summoned).

Vanquished Creatures
  A boulder beetle (D:11)
  A two-headed ogre (D:8)
  Amaemon (Lair:3)
  The ghost of SlaveLabor the Skirmisher, a novice FoHu of Okawaru (D:8)
  A deep elf pyromancer (D:11)
  Pikel (D:9)
  2 manticores (D:11)
  A cyclops (D:9)
  2 black mambas
  A torpor snail (Lair:4)
  9 cane toads
  An orange demon (Lair:3)
  Maggie (D:9)
  3 unseen horrors
  A rime drake (Lair:2)
  Psyche (D:8)
  2 komodo dragons (Lair:2)
  3 red devils (D:11)
  A polar bear (Lair:1)
  A hornet (D:8)
  4 trolls
  Grinder (D:5)
  A tarantella (Lair:2)
  9 dream sheep
  13 blink frogs
  A jumping spider (Lair:2)
  17 yaks
  A wyvern (Lair:1)
  A wraith (D:11)
  2 basilisks
  3 steam dragons
  5 vampire mosquitoes
  An acid dragon (D:6)
  11 water moccasins
  2 ice beasts (D:6)
  2 sky beasts (D:6)
  3 orc warriors
  A black bear (D:6)
  13 wolves
  3 phantoms
  10 centaurs
  A lemure (D:9)
  2 kobold brigands
  A brain worm (D:5)
  11 bullfrogs
  A gnoll sergeant (D:8)
  A jelly (D:8)
  7 scorpions
  15 killer bees
  An electric eel (D:9)
  2 howler monkeys (D:9)
  A bombardier beetle (D:6)
  6 orc priests
  8 hounds
  A gnoll bouda (D:9)
  3 sleepcaps
  3 iguanas
  15 orc wizards
  Natasha (thrice) (D:2)
  5 scorpion zombies (Ossuary)
  3 mummies (Ossuary)
  11 gnolls
  9 adders
  4 white imps
  3 ufetubi
  4 adder zombies (Ossuary)
  A ribbon worm (D:2)
  9 dart slugs
  29 orcs
  4 bats
  13 endoplasms
  7 giant cockroaches (Sewer)
  5 hobgoblins
  4 jackals (D:4)
  2 quokkas
  10 ball pythons
  14 frilled lizards
  4 gnoll zombies (Ossuary)
  6 goblins
  2 jackal zombies (Ossuary)
  13 kobolds
  2 kobold zombies (Ossuary)
  10 rats
395 creatures vanquished.

Vanquished Creatures (collateral kills)
  A hydra (Lair:2)
1 creature vanquished.

Vanquished Creatures (others)
  A yak (D:9)
  A kobold brigand (D:10)
  An orc wizard (D:8)
  A kobold (D:10)
4 creatures vanquished.

Grand Total: 400 creatures vanquished

Notes
Turn   | Place    | Note
-------+----------+-------------------------------------------
     0 | D:1      | Amaterasu the Troll Shapeshifter began the quest for the
                  | Orb.
     0 | D:1      | Reached XP level 1. HP: 18/18 MP: 0/0
   120 | D:1      | Found a faded altar of an unknown god.
   274 | D:1      | Reached skill level 1 in Fighting
   274 | D:1      | Reached XP level 2. HP: 25/27 MP: 1/1
   767 | D:2      | Noticed Natasha
   777 | D:2      | Killed Natasha
   778 | D:2      | Reached XP level 3. HP: 33/33 MP: 2/2
   802 | D:2      | Noticed Natasha
   808 | D:2      | Killed Natasha
   809 | D:2      | Reached XP level 4. HP: 41/41 MP: 3/3
   831 | D:2      | Reached skill level 4 in Unarmed Combat
  1006 | D:2      | Noticed Natasha
  1014 | D:2      | Killed Natasha
  1382 | D:3      | Reached XP level 5. HP: 43/48 MP: 4/4
  1608 | D:4      | Reached skill level 5 in Unarmed Combat
  1669 | D:4      | Reached XP level 6. HP: 55/55 MP: 5/5
  1778 | D:4      | Reached skill level 1 in Shields
  2013 | D:4      | Found Torugiwu's Distillery.
  2100 | D:4      | Identified the +7 whip "Zuebriar" {vamp, Str+4}
  2141 | D:4      | Found a sand-covered staircase.
  2150 | Ossuary  | Entered an ossuary
  2214 | Ossuary  | Reached skill level 6 in Unarmed Combat
  2229 | Ossuary  | Reached XP level 7. HP: 65/65 MP: 6/6
  2805 | D:5      | Entered Level 5 of the Dungeon
  2882 | D:5      | Found a staircase to the Ecumenical Temple.
  2896 | Temple   | Entered the Ecumenical Temple
  2915 | Temple   | Became a worshipper of Makhleb the Destroyer
  2953 | D:5      | Reached skill level 7 in Unarmed Combat
  2963 | D:5      | Noticed Grinder
  2968 | D:5      | Killed Grinder
  2969 | D:5      | Reached XP level 8. HP: 64/74 MP: 7/7
  3027 | D:5      | Found a shimmering altar of Xom.
  3028 | D:5      | Found a shimmering altar of Xom.
  3028 | D:5      | Found a shimmering altar of Xom.
  3029 | D:5      | Found a shimmering altar of Xom.
  3029 | D:5      | Found a shimmering altar of Xom.
  3029 | D:5      | Found a shimmering altar of Xom.
  3169 | D:5      | Reached skill level 8 in Unarmed Combat
  3227 | D:5      | Found a glowing drain.
  3231 | Sewer    | Entered a sewer
  3285 | Sewer    | Reached * piety under Makhleb
  3414 | Sewer    | Reached ** piety under Makhleb
  3415 | Sewer    | Reached skill level 5 in Shapeshifting
  3653 | D:5      | Found a sacrificial altar of Ru.
  3827 | D:6      | You fall into a shaft and drop 2 floors!
  3857 | D:8      | Noticed a two-headed ogre
  3877 | D:7      | Found a stormy altar of Qazlal.
  3897 | D:7      | Found a broken altar of Ashenzari.
  3897 | D:7      | Found a basalt altar of Yredelemnul.
  3897 | D:7      | Found a glowing silver altar of Zin.
  3898 | D:7      | Found a white marble altar of Elyvilon.
  3899 | D:7      | Found a blossoming altar of Fedhas.
  3909 | D:7      | Found Ucudonir's Magic Scroll Boutique.
  3923 | D:7      | Reached XP level 9. HP: 79/81 MP: 8/8
  3965 | D:6      | Reached skill level 9 in Unarmed Combat
  4254 | D:6      | Found a sparkling altar of Nemelex Xobeh.
  4575 | D:6      | Reached skill level 10 in Unarmed Combat
  4851 | D:7      | Reached *** piety under Makhleb
  5099 | D:7      | Gained mutation: You passively map a small area around you.
                  | [potion of mutation]
  5099 | D:7      | Gained mutation: You are partially covered in large bone
                  | plates. (SH +4) [potion of mutation]
  5145 | D:8      | Killed a two-headed ogre
  5146 | D:8      | Reached skill level 5 in Dodging
  5146 | D:8      | Reached XP level 10. HP: 80/92 MP: 9/9
  5170 | D:8      | Found a transporter.
  5175 | D:8      | Found a transporter.
  5178 | D:8      | Noticed SlaveLabor's ghost (novice FoHu)
  5761 | D:8      | Noticed Psyche
  5767 | D:8      | Killed Psyche
  5768 | D:8      | Reached skill level 11 in Unarmed Combat
  5774 | D:8      | Found a shimmering blue altar of Sif Muna.
  5782 | D:8      | Found an ancient bone altar of Kikubaaqudgha.
  5792 | D:8      | Got Kikubaaqudgha's Catalogue of Nightshade
  5798 | D:8      | Found a radiant altar of Vehumet.
  5854 | D:8      | Paralysed by a hornet for 3 turns
  6120 | D:8      | Killed SlaveLabor's ghost
  6254 | D:9      | Found a staircase to the Lair.
  6297 | D:9      | Reached skill level 12 in Unarmed Combat
  6394 | D:9      | Reached **** piety under Makhleb
  6401 | D:9      | Reached XP level 11. HP: 95/101 MP: 10/10
  6464 | D:9      | Noticed Maggie
  6480 | D:9      | Killed Maggie
  6774 | D:9      | Found an ornate altar of the Wu Jian Council.
  6830 | D:9      | Reached skill level 5 in Fighting
  6840 | D:9      | Found Ynoigani's Assorted Antiques.
  6896 | D:9      | Noticed Pikel
  6906 | D:9      | Killed Pikel
  7105 | D:10     | Entered Level 10 of the Dungeon
  7175 | D:10     | Reached skill level 13 in Unarmed Combat
  7421 | D:10     | Found a staircase to the Orcish Mines.
  7537 | D:10     | Found an opulent altar of Gozag.
  7679 | D:11     | Noticed a boulder beetle
  7923 | D:11     | Noticed a sea snake
  7962 | D:11     | Reached ***** piety under Makhleb
  8037 | D:11     | Killed a boulder beetle
  8134 | D:11     | Noticed a deep elf pyromancer
  8142 | D:11     | Killed a deep elf pyromancer
  8143 | D:11     | Reached skill level 14 in Unarmed Combat
  8160 | D:11     | Reached skill level 1 in Invocations
  8516 | D:11     | Reached XP level 12. HP: 111/111 MP: 11/11
  8852 | Lair:1   | Entered Level 1 of the Lair of Beasts
  8922 | Lair:1   | Reached skill level 5 in Shields
  9419 | Lair:1   | Identified a scroll of acquirement
  9419 | Lair:1   | Acquired 807 gold pieces
  9670 | Lair:2   | Noticed a five-headed hydra
  9679 | Lair:2   | Killed a five-headed hydra
  9831 | Lair:2   | Found a hole to the Spider Nest.
 10184 | Lair:3   | Found a white marble altar of Elyvilon.
 10355 | Lair:3   | Found a staircase to the Shoals.
 10626 | Lair:3   | Noticed Amaemon
 10636 | Lair:3   | Killed Amaemon
 10872 | Lair:4   | Found a staircase to the Slime Pits.
 10872 | Lair:4   | Found a viscous altar of Jiyva.
 10986 | Lair:4   | Reached XP level 13. HP: 56/122 MP: 14/14
 11527 | Lair:5   | Entered Level 5 of the Lair of Beasts
 11540 | Lair:5   | HP: 5/122 [seven-headed hydra (12)]
 11541 | Lair:5   | HP: 2/122 [seven-headed hydra (9)]
 11541 | Lair:5   | Slain by a seven-headed hydra

Illustrated notes

Levels and vault maps discovered:
D:1:      orjb1_lava_funnel, layout_loops_corners, ebering_ecumenical_altar_mist
D:2:      layout_rooms, uniq_natasha
D:3:      layout_rooms, minmay_misc_feat_chi
D:4:      layout_loops_corners, serial_shops, shop,
          lightli_ossuary_entry_decrepit_ruins,
          serial_library_regret_index_small_wings
D:5:      layout_loops_ring, xom_redecorated, mainiacjoe_overflow_alcove_1,
          minmay_temple_entry_purple_smoke,
          mainiacjoe_sewer_entry_somewhere_in_here_2, uniq_grinder
D:6:      minmay_recursive_quarters, layout_basic,
          mainiacjoe_overflow_cross_hatched
D:7:      layout_basic, grunt_temple_overflow_open,
          mainiacjoe_overflow_concentric_impassable, serial_shops, shop,
          corexii_checkpoint
D:8:      layout_basic, palyth_temple_overflow_mages, gammafunk_ghost_hive,
          nicolae_zig_zag_zippers, uniq_psyche
D:9:      layout_basic, nicolae_wu_jian_immortal_techniques, erik_lair_island,
          serial_shops, nicolae_shop_dealshenge, lightli_minifort, uniq_maggie,
          uniq_pikel
D:10:     layout_rooms, mainiacjoe_overflow_alcove_2, hiddenorc1_lemuel
D:11:     layout_basic, serial_aquarium, aquarium_bridge_island_small
          [aquarium_subvault_small_open, aquarium_subvault_bridge,
          aquarium_subvault_wall, aquarium_subvault_wall,
          aquarium_subvault_wall], aquarium_bridge_square
          [aquarium_subvault_balcony, aquarium_subvault_window,
          aquarium_subvault_window, aquarium_subvault_bridge],
          aquarium_window_1, aquarium_window_double, aquarium_window_corner,
          aquarium_window_1, aquarium_view_2e, aquarium_balcony_1a,
          aquarium_pool_1, einodemon_armed_red_devil_minivault
Temple:   hellmonk_temple_flake
Lair:1:   layout_misc_corridors, st_stairs_6
Lair:2:   layout_misc_corridors, spider_nest_entry_rubble,
          infiniplex_staircase_pool
Lair:3:   layout_gridlike, shoals_dummy_entry, basic_altar, grunt_megastairs_1,
          uniq_amaemon
Lair:4:   layout_cave_shapes, slime_entry_1, serial_bayou_pond_c
Lair:5:   minmay_lair_end_enchanted_forest, layout_gridlike, grunt_megastairs_2

Skill      XL: |  1  2  3  4  5  6  7  8  9 10 11 12 13 |
---------------+----------------------------------------+-----
Fighting       | 1 2 3 4 5 6 |  6.4
Dodging        | 2 3 5 6 7 8 |  8.0
Unarmed Combat | 4 5 6 7 8 10 12 14 | 14.9
Shapeshifting  | 4 5 6 7 8 |  8.0
Shields        | 1 2 3 4 7 |  7.9
Invocations    | 1 3 |  3.5

Action                     |  1- 3 |  4- 6 |  7- 9 | 10-12 | 13-15 || total
---------------------------+-------+-------+-------+-------+-------++-------
  Melee: Unarmed           |    47 |   144 |   264 |   613 |    56 ||  1124
         Punch             |       |     2 |       |       |       ||     2
 Invoke: Minor Destruction |       |       |       |     1 |     3 ||     4
         Lesser Servant of |       |       |       |     1 |     2 ||     3
  Evoke: Wand              |       |       |       |     6 |       ||     6
    Use: Scroll            |     5 |     6 |    13 |     3 |     1 ||    28
         Potion            |       |       |     1 |     4 |     1 ||     6
   Stab: Sleeping          |     1 |       |     1 |       |       ||     2
 Armour: Animal skin       |    23 |    56 |   111 |     1 |       ||   191
         Steam dragon scal |       |       |       |   294 |    37 ||   331
  Dodge: Dodged            |    13 |    37 |    74 |   155 |    10 ||   289
  Block: Kite shield       |       |    53 |   179 |   432 |       ||   664
         Reflection        |       |       |    10 |    12 |       ||    22
         Tower shield      |       |       |       |   197 |    99 ||   296
